 Dungeon Crawl Stone Soup version 0.23.0-28-g6fe0f4d (webtiles) character file.

Game seed: 4058304747164322417

96679 Kairos the Severer (level 15, -7/137 HPs)
             Began as a Minotaur Fighter on Feb 25, 2019.
             Was a High Priest of Uskayaw.
             Mangled by a guardian serpent (13 damage)
             ... on level 4 of the Snake Pit.
             The game lasted 00:37:07 (18215 turns).

Kairos the Severer (Minotaur Fighter)              Turns: 18215, Time: 00:37:08

Health: -7/137     AC: 27    Str: 30    XL:     15   Next: 69%
Magic:  23/23      EV: 11    Int:  8    God:    Uskayaw [*****.]
Gold:   1368       SH: 15    Dex: 10    Spells: 14/14 levels left

rFire    . . .     SeeInvis .   t - +6 broad axe "Guos Rad" {chop, MR+}
rCold    . . .     Gourm    .   g - +1 shield {AC+3}
rNeg     . . .     Faith    +   K - +4 chain mail {rPois}
rPois    +         Spirit   .   q - +2 hat {Int+3}
rElec    +         Reflect  .   w - +2 cloak
rCorr    .         Harm     .   v - +0 pair of gloves
MR       +++..                  C - -1 pair of boots of the Sun {rElec MR+ Slay+3}
Stlth    +.........             n - amulet of faith
HPRegen  0.32/turn              u - ring "Nasaocov" {rElec MP+9}
MPRegen  0.18/turn              y - +3 ring of strength

@: lethally poisoned (-7 -> -8)
A: retaliatory headbutt, horns 2
a: Stomp, Line Pass, Grand Finale, Renounce Religion


You were on level 4 of the Snake Pit.
You worshipped Uskayaw.
Uskayaw was noncommittal.
You were not hungry.

You visited 4 branches of the dungeon, and saw 20 of its levels.
You also visited: Ice Cave.

You collected 1725 gold pieces.
You spent 357 gold pieces at shops.

Inventory:

Hand Weapons
 t - the +6 broad axe "Guos Rad" (weapon) {chop, MR+}
   (You acquired it on level 1 of the Lair of Beasts)

   It inflicts extra damage upon your enemies.
   It affects your resistance to hostile enchantments.
 A - a +2 hand axe of flaming
Missiles
 m - 28 tomahawks (quivered)
Armour
 a - the +5 scale mail of Inference {+Blink rF++ MR- Stlth-}
   (You found it on level 5 of the Lair of Beasts)

   It greatly protects you from fire.
   It affects your resistance to hostile enchantments.
   It lets you blink.
   It makes you less stealthy.
 g - a +1 shield of protection (worn)
 q - a +2 hat of intelligence (worn)
 v - a +0 pair of gloves (worn)
 w - a +2 cloak (worn)
 B - the +4 ring mail of the Crown {rElec rC+++ Str-3 Stlth+}
   (You found it on level 3 of the Lair of Beasts)

   It affects your strength (-3).
   It renders you almost immune to cold.
   It insulates you from electricity.
   It makes you more stealthy.
 C - the -1 pair of boots of the Sun (worn) {rElec MR+ Slay+3}
   (You found it on level 4 of the Dungeon)

   It affects your accuracy and damage with ranged weapons and melee attacks
   (+3).
   It insulates you from electricity.
   It affects your resistance to hostile enchantments.
 K - a +4 chain mail of poison resistance (worn)
Jewellery
 b - a +3 amulet of reflection
 n - an amulet of faith (around neck)
 r - an uncursed amulet of rage
 u - the ring "Nasaocov" (left hand) {rElec MP+9}
   (You found it on level 6 of the Lair of Beasts)

   [ring of magical power]

   It insulates you from electricity.
   It affects your magic capacity (+9).
 x - an uncursed ring of see invisible
 y - a +3 ring of strength (right hand)
 W - an uncursed ring of positive energy
 Z - an uncursed ring of flight
Wands
 c - a wand of flame (12)
 D - a wand of clouds (4)
 G - a wand of acid (35)
 I - a wand of scattershot (10)
 J - a wand of polymorph (35)
 L - a wand of paralysis (5)
 N - a wand of digging (4)
 S - a wand of enslavement (9)
Scrolls
 j - 7 scrolls of remove curse
 l - 3 scrolls of fear
 o - 4 scrolls of teleportation
 s - 4 scrolls of fog
 E - a scroll of silence
 O - 4 scrolls of blinking
 Q - a scroll of summoning
 V - 2 scrolls of brand weapon
 X - 4 scrolls of enchant weapon
Potions
 d - 6 potions of might
 e - 6 potions of lignification
 h - 8 potions of curing
 i - a potion of invisibility
 k - 5 potions of magic
 p - 4 potions of brilliance
 z - 4 potions of flight
 F - 2 potions of heal wounds
 H - 2 potions of cancellation
 M - a potion of berserk rage
 R - 2 potions of mutation {unknown}
 T - 2 potions of haste {unknown}
 U - a potion of experience {unknown}
Miscellaneous
 P - a sack of spiders
 Y - a lamp of fire
Comestibles
 f - 37 rations


   Skills:
 + Level 13.9 Fighting
 - Level 18.4(18.5) Axes
   Level 0.5(12.5) Polearms
 + Level 13.1 Armour
 + Level 5.5 Dodging
 + Level 11.2 Stealth
 + Level 13.5 Shields
 + Level 0.3 Evocations


You had 14 spell levels left.
You didn't know any spells.
Your spell library contained the following spells:

 Spells                   Type           Power        Failure   Level  Hunger
 Confusing Touch          Hex            #.....       88%         1    ##.....
 Shock                    Conj/Air       #...         88%         1    ##.....
 Sting                    Conj/Pois      #...         88%         1    ##.....
 Summon Small Mammal      Summ           #...         88%         1    ##.....
 Call Imp                 Summ           #.......     95%         2    ###....
 Poisonous Vapours        Pois/Air       #.....       95%         2    ###....
 Swiftness                Chrm/Air       #.......     95%         2    ###....
 Confuse                  Hex            #.......     99%         3    ####...
 Gell's Gravitas          Tloc           #.........   99%         3    ####...
 Mephitic Cloud           Conj/Pois/Air  #.......     99%         3    ####...
 Static Discharge         Conj/Air       #.......     99%         3    ####...
 Airstrike                Air            #.........   100%        4    #####..
 Olgreb's Toxic Radiance  Pois           #.......     100%        4    #####..
 Petrify                  Tmut/Erth      #.......     100%        4    #####..
 Fireball                 Conj/Fire      #.........   100%        5    ######.
 Lightning Bolt           Conj/Air       #.........   100%        5    ######.
 Metabolic Englaciation   Hex/Ice        #.........   100%        5    ######.
 Summon Mana Viper        Hex/Summ       #.......     100%        5    ######.
 Venom Bolt               Conj/Pois      #.........   100%        5    ######.
 Yara's Violent Unravell  Hex/Tmut       #.........   100%        5    ######.
 Malign Gateway           Summ/Tloc      #.........   100%        7    #######


Dungeon Overview and Level Annotations

Branches:
Dungeon (9/15)             Temple (1/1) D:5            Lair (6/6) D:9
  Swamp (0/4) Lair:3        Snake (4/4) Lair:3        Slime (0/5) Lair:5
    Orc (0/2) D:9

Altars:
Ashenzari
Cheibriados
Dithmenos
Elyvilon
Fedhas
Gozag
Hepliaklqana
Kikubaaqudgha
Makhleb
Nemelex Xobeh
Okawaru
Qazlal
Ru
Sif Muna
Trog
Uskayaw
Vehumet
Wu Jian
Xom
Yredelemnul
Zin
The Shining One
Beogh
Jiyva

Shops:
D:8 ==}*   D:9 *   Snake:4 :}*?}


Innate Abilities, Weirdness & Mutations

You reflexively headbutt those who attack you in melee.
You have a pair of horns on your head.


Message History

The naga mage is almost dead.
You block the naga mage's attack.
* * * LOW HITPOINT WARNING * * *
The naga mage constricts you.
You slash the naga mage!
You kill the naga mage!
The guardian serpent casts a spell at you.
The bolt of poison hits you. You resist.
* * * LOW HITPOINT WARNING * * *
You feel sick.
You block the guardian serpent's attack.
Things that are here:
a +0 halberd; a +0 robe; a naga corpse You closely miss the guardian serpent.
The guardian serpent is moderately wounded.
You block the guardian serpent's attack.
You slash the guardian serpent!
The guardian serpent is almost dead.
The guardian serpent hits you!
You die...

####(....# ..###.# #.. .#
#.)()..#.......#. # #.
..#
#)######...#......#####.#
..%# #)#
#......#..........#.#
#...# #)#
#...###....#.........
#...##)# #...#
#.......#...... #.N.#.#
#...# #..............
#.N'.# #...#####.#
.....#.# #..NN#
#..S@)))(.# .#....
#...#.# ##.########
..#..∩. #...##(###..#
......... #.$.# #N()).##
#....#... ...# #..(###
......#.. ..# #.###
..##..... .# .... .
....... ###### ..#...#.
..###...


You could see a guardian serpent.

Vanquished Creatures
  Gastronok (Lair:1)
  3 nagarajas (Snake:4)
  The ghost of Fuxod the Fighter, a journeyman GnWn of Xom (Lair:3)
  A fire dragon (Lair:6)
  4 hydras
  8 naga warriors
  11 anacondas
  Erica (Lair:1)
  6 death yaks (Lair:6)
  11 shock serpents
  9 naga sharpshooters
  Sonja (Lair:3)
  A salamander mystic (Snake:2)
  6 naga ritualists
  2 lindwurms (Lair:6)
  Pikel (D:4)
  6 mana vipers
  5 salamanders (Snake:2)
  5 elephants (Lair:4)
  2 ugly things (IceCv)
  29 black mambas
  2 ice statues (IceCv)
  16 spiny frogs
  5 torpor snails (Lair:6)
  A gargoyle (D:9)
  A guardian serpent (Snake:4)
  5 naga magi
  5 komodo dragons
  A rime drake (Lair:2)
  A merfolk (shapeshifter) (D:8)
  A queen bee (Lair:3)
  A troll (D:6)
  9 blink frogs
  2 bog bodies (Lair:3)
  3 tyrant leeches (Lair:6)
  6 hornets (Lair:6)
  9 hippogriffs
  A spriggan (D:7)
  20 yaks
  Sigmund (D:4)
  4 wyverns
  Grum (Lair:1)
  A hungry ghost (D:7)
  2 steam dragons (D:9)
  3 basilisks
  A swamp worm (Lair:3)
  26 nagas
  12 water moccasins
  9 porcupines
  16 ice beasts
  A sky beast (D:6)
  A slave (D:3)
  2 black bears (D:6)
  5 ogres
  A phantom (D:9)
  8 orc warriors
  22 wolves
  A centaur (D:4)
  12 crocodiles
  14 bullfrogs
  A gnoll sergeant (D:9)
  A wyvern skeleton (D:9)
  3 scorpions
  39 killer bees
  4 electric eels
  A howler monkey (D:6)
  A lava snake (Lair:3)
  4 hounds
  8 crimson imps
  A quasit (D:8)
  3 jellies
  An orc wizard (D:4)
  Crazy Yiuf (D:6)
  9 orc priests
  A centaur skeleton (D:5)
  A hell rat (Lair:3)
  An iguana (D:8)
  6 worker ants
  A killer bee zombie (D:5)
  A howler monkey zombie (D:5)
  11 adders
  10 gnolls
  A howler monkey skeleton (D:8)
  A river rat (Lair:3)
  A shadow imp (D:9)
  An ooze (D:3)
  An adder zombie (D:7)
  3 adder skeletons
  A worm (D:2)
  3 dart slugs
  4 leopard geckos
  35 orcs
  7 bats
  6 giant cockroaches
  6 goblins
  10 hobgoblins
  13 jackals
  8 kobolds
  2 quokkas
  A ball python (D:3)
  10 frilled lizards
  A jackal skeleton (D:5)
  A leopard gecko zombie (D:7)
  2 quokka skeletons (D:8)
  2 quokka zombies
  5 rats
  2 butterflies (Lair:3)
  A fungus (Lair:4)
  3 plants (Lair:6)
586 creatures vanquished.

Vanquished Creatures (others)
  A black mamba (Snake:3)
  A naga mage (Snake:4)
  A naga (Snake:4)
  3 fungi
6 creatures vanquished.

Grand Total: 592 creatures vanquished

Notes
Turn   | Place    | Note
-------+----------+-------------------------------------------
     0 | D:1      | Kairos the Minotaur Fighter began the quest for the Orb.
     0 | D:1      | Reached XP level 1. HP: 19/19 MP: 0/0
   196 | D:1      | Reached XP level 2. HP: 26/27 MP: 1/1
   773 | D:2      | Reached XP level 3. HP: 33/33 MP: 2/2
   878 | D:2      | Reached skill level 3 in Axes
   930 | D:2      | You fall through a shaft for 2 floors!
   934 | D:4      | Reached XP level 4. HP: 27/40 MP: 3/3
  1068 | D:4      | Identified the cursed +1 robe "Cerphoptog" {+Blink rC+ rN+}
  1411 | D:4      | Noticed a slave
  1412 | D:4      | Noticed a slave
  1448 | D:3      | Found a shadowy altar of Dithmenos.
  1477 | D:3      | Found a shimmering altar of Xom.
  1480 | D:3      | Found a blossoming altar of Fedhas.
  1481 | D:3      | Reached XP level 5. HP: 43/46 MP: 4/4
  1586 | D:3      | Found a deep blue altar of Sif Muna.
  1655 | D:3      | Found a radiant altar of Vehumet.
  1655 | D:3      | Found a burning altar of Makhleb.
  1670 | D:3      | Reached skill level 4 in Axes
  1670 | D:3      | Reached skill level 1 in Dodging
  2080 | D:3      | Found a white marble altar of Elyvilon.
  2217 | D:3      | Reached skill level 5 in Shields
  2279 | D:3      | You fall through a shaft!
  2318 | D:4      | Noticed Pikel
  2334 | D:4      | Noticed a slave
  2353 | D:3      | Killed a slave
  2694 | D:2      | Found a snail-covered altar of Cheibriados.
  2918 | D:3      | Reached skill level 5 in Armour
  2918 | D:3      | Reached XP level 6. HP: 43/53 MP: 5/5
  3075 | D:4      | Reached skill level 5 in Axes
  3092 | D:4      | Noticed Sigmund
  3574 | D:4      | Killed Sigmund
  3574 | D:4      | Reached XP level 7. HP: 47/60 MP: 6/6
  4108 | D:4      | Killed Pikel
  4108 | D:4      | Reached skill level 5 in Fighting
  4108 | D:4      | Reached skill level 7 in Axes
  4108 | D:4      | Reached XP level 8. HP: 15/68 MP: 7/7
  4297 | D:4      | Got a pair of distressingly furry boots
  4303 | D:4      | Identified the -1 pair of boots of the Sun {rElec MR+
                  | Slay+3} (You found it on level 4 of the Dungeon)
  4639 | D:5      | Entered Level 5 of the Dungeon
  4715 | D:5      | Found an ornate altar of the Wu Jian Council.
  4751 | D:5      | Found a staircase to the Ecumenical Temple.
  4780 | Temple   | Entered the Ecumenical Temple
  4887 | D:5      | Found a hide-covered altar of Uskayaw.
  4906 | D:5      | Became a worshipper of Uskayaw the Reveler
  4921 | D:5      | Reached * piety under Uskayaw
  4969 | D:5      | Reached ** piety under Uskayaw
  5003 | D:5      | Reached *** piety under Uskayaw
  5004 | D:5      | Reached **** piety under Uskayaw
  5217 | D:6      | Reached skill level 8 in Axes
  5495 | D:6      | Reached skill level 1 in Stealth
  5570 | D:6      | Reached skill level 9 in Axes
  5570 | D:6      | Reached XP level 9. HP: 49/75 MP: 4/8
  5709 | D:6      | Found a runed translucent door.
  5710 | D:6      | Noticed Crazy Yiuf
  5777 | D:6      | Noticed a troll
  5786 | D:6      | Killed a troll
  6026 | D:6      | Killed Crazy Yiuf
  6350 | D:7      | Reached skill level 10 in Axes
  6351 | D:7      | Reached ***** piety under Uskayaw
  6442 | D:7      | Found an opulent altar of Gozag.
  6619 | D:8      | Found Secyq's Gadget Shoppe.
  6667 | D:8      | Identified the Compendium of Supportive Attacks
  6719 | D:8      | Found Ymeaman's Jewellery Boutique.
  6720 | D:8      | Found Noelets's Jewellery Boutique.
  6850 | D:8      | Found a stormy altar of Qazlal.
  6873 | D:8      | Found Wotaypnu's Assorted Antiques.
  6898 | D:8      | Reached XP level 10. HP: 82/86 MP: 9/9
  7551 | D:8      | Bought a glowing chain mail for 255 gold pieces
  7592 | D:9      | Found Webbany's General Store.
  7669 | D:9      | Reached skill level 11 in Axes
  7745 | D:9      | Noticed a gargoyle
  8099 | D:9      | Killed a gargoyle
  8126 | D:9      | Reached ****** piety under Uskayaw
  8135 | D:9      | Reached skill level 5 in Stealth
  8154 | D:9      | Found a staircase to the Lair.
  8295 | D:9      | Found a bloodstained altar of Trog.
  8514 | D:9      | Found a roughly hewn altar of Beogh.
  8514 | D:9      | Found a staircase to the Orcish Mines.
  8519 | D:9      | Reached XP level 11. HP: 59/95 MP: 10/10
  8761 | D:9      | Reached skill level 12 in Axes
  9054 | Lair:1   | Entered Level 1 of the Lair of Beasts
  9054 | Lair:1   | Noticed Gastronok
  9073 | Lair:1   | Killed Gastronok
  9096 | Lair:1   | Noticed Grum
  9105 | Lair:1   | Killed Grum
  9188 | Lair:1   | Found a frozen archway.
  9375 | IceCv    | Entered an ice cave
  9375 | IceCv    | Noticed a white ugly thing
  9389 | IceCv    | Killed a white ugly thing
  9396 | IceCv    | Found a transporter.
  9508 | IceCv    | Noticed a white ugly thing
  9509 | IceCv    | Found a transporter.
  9519 | IceCv    | Killed a white ugly thing
  9519 | IceCv    | Reached skill level 10 in Armour
  9519 | IceCv    | Reached skill level 10 in Shields
  9523 | IceCv    | Reached skill level 13 in Axes
  9851 | Lair:1   | Noticed Erica
  9861 | Lair:1   | Killed Erica
 10263 | Lair:1   | Identified a scroll of acquirement
 10269 | Lair:1   | Got a fine broad axe
 10270 | Lair:1   | Identified the +6 broad axe "Guos Rad" {chop, MR+} (You
                  | acquired it on level 1 of the Lair of Beasts)
 10344 | Lair:2   | Reached XP level 12. HP: 81/105 MP: 11/11
 10650 | Lair:2   | Noticed a seven-headed hydra
 10665 | Lair:2   | Killed a seven-headed hydra
 11134 | Lair:2   | Reached skill level 10 in Fighting
 11245 | Lair:3   | Found a runed translucent gate.
 11245 | Lair:3   | Found a runed translucent gate.
 11245 | Lair:3   | Found a runed translucent gate.
 11275 | Lair:3   | Reached skill level 14 in Axes
 11355 | Lair:3   | Found a staircase to the Snake Pit.
 11366 | Lair:3   | Noticed a four-headed hydra
 11375 | Lair:3   | Killed a two-headed hydra
 11457 | Lair:3   | Noticed Sonja
 11462 | Lair:3   | Killed Sonja
 11537 | Lair:3   | Found a staircase to the Swamp.
 11755 | Lair:3   | Noticed Fuxod's ghost (journeyman GnWn)
 11933 | Lair:3   | Reached XP level 13. HP: 68/114 MP: 12/12
 12063 | Lair:3   | Identified the +4 ring mail of the Crown {rElec rC+++ Str-3
                  | Stlth+} (You found it on level 3 of the Lair of Beasts)
 12713 | Lair:4   | Reached skill level 15 in Axes
 12881 | Lair:4   | You fall through a shaft for 2 floors!
 12881 | Lair:6   | Entered Level 6 of the Lair of Beasts
 12930 | Lair:5   | Got a distressingly furry scale mail
 12941 | Lair:5   | Identified the +5 scale mail of Inference {+Blink rF++ MR-
                  | Stlth-} (You found it on level 5 of the Lair of Beasts)
 13650 | Lair:5   | Found a viscous altar of Jiyva.
 13662 | Lair:5   | Found a staircase to the Slime Pits.
 14277 | Lair:6   | Reached skill level 16 in Axes
 14468 | Lair:6   | Got a steaming platinum ring
 14470 | Lair:6   | Identified the ring "Nasaocov" {rElec MP+9} (You found it
                  | on level 6 of the Lair of Beasts)
 14529 | Lair:6   | Found a runed translucent door.
 14530 | Lair:6   | Noticed a fire dragon
 14704 | Lair:6   | Killed a fire dragon
 14850 | Lair:6   | Reached XP level 14. HP: 118/125 MP: 13/13
 15071 | Lair:3   | Killed Fuxod's ghost
 15178 | Snake:1  | Entered Level 1 of the Snake Pit
 15211 | Snake:1  | Found a blossoming altar of Fedhas.
 15527 | Snake:1  | Reached skill level 5 in Dodging
 15749 | Snake:1  | Reached skill level 17 in Axes
 15749 | Snake:1  | Reached skill level 10 in Stealth
 16816 | Snake:3  | Reached XP level 15. HP: 129/135 MP: 14/14
 17090 | Snake:3  | Reached skill level 18 in Axes
 17729 | Snake:4  | Entered Level 4 of the Snake Pit
 17738 | Snake:4  | Found Pifyib's Gadget Boutique.
 17762 | Snake:4  | Found Ikkagus's Assorted Antiques.
 17780 | Snake:4  | Bought a scroll labeled HOPIQA XUWOZA for 22 gold pieces
 17780 | Snake:4  | Bought a scroll of identify for 44 gold pieces
 17782 | Snake:4  | Found Caohepi's Gadget Boutique.
 17818 | Snake:4  | Found Yrroac's Magic Scroll Boutique.
 17825 | Snake:4  | Bought a scroll of identify for 36 gold pieces
 17846 | Snake:4  | Noticed a nagaraja
 17868 | Snake:4  | Killed a nagaraja
 17890 | Snake:4  | Found Emuddipn's Book Shop.
 18115 | Snake:4  | Noticed a nagaraja
 18130 | Snake:4  | Killed a nagaraja
 18163 | Snake:4  | Noticed a nagaraja
 18170 | Snake:4  | Killed a nagaraja
 18212 | Snake:4  | HP: 6/137 [guardian serpent/bolt of poison (1)]
 18215 | Snake:4  | Mangled by a guardian serpent

Skill      XL: |  1  2  3  4  5  6  7  8  9 10 11 12 13 14 15 |
---------------+----------------------------------------------+-----
Shields        | 4 5 6 7 8 9 10 11 12 13 | 13.5
Armour         | 4 5 6 7 8 9 10 11 12 13 | 13.1
Fighting       | 4 5 6 7 8 9 10 11 13 | 13.9
Axes           | 3 4 5 7 9 10 11 13 14 16 17 18 | 18.4
Dodging        | 1 2 3 4 5 |  5.5
Stealth        | 1 3 5 7 8 9 10 11 | 11.2
Polearms       | |  0.5
Evocations     | |  0.3

Action                   |  1- 3 |  4- 6 |  7- 9 | 10-12 | 13-15 || total
-------------------------+-------+-------+-------+-------+-------++-------
Melee: War axe           |    66 |   187 |   182 |       |       ||   435
       Headbutt          |     6 |    29 |    48 |   112 |   132 ||   327
       Hand axe          |       |       |    40 |   273 |    12 ||   325
       Broad axe         |       |       |       |   157 |   539 ||   696
       Trident           |       |       |       |     7 |       ||     7
Invok: Stomp             |       |       |     1 |     1 |       ||     2
Evoke: Wand              |       |       |       |     3 |       ||     3
  Use: Scroll            |     1 |     2 |    13 |     7 |    11 ||    34
       Potion            |       |       |     1 |       |     4 ||     5
 Stab: Paralysed         |       |       |    13 |    56 |    53 ||   122
  Eat: Chunk             |       |     9 |     7 |     5 |     7 ||    28
       Ration            |       |       |     3 |     2 |     4 ||     9
Armor: Scale mail        |    32 |    32 |       |       |       ||    64
       Chain mail        |       |    65 |   104 |   118 |   216 ||   503
Dodge: Dodged            |    20 |    71 |    53 |    96 |   141 ||   381
Block: Shield            |    44 |   142 |   110 |   204 |   321 ||   821
